 Dungeon Crawl Stone Soup version 0.26-a0-519-gb2f46efeda (webtiles) character file.

Game seed: 10793407578724067448

5372 ReteAZ the Polluter (level 10, -2/69 HPs)
             Began as a Green Draconian Venom Mage on Aug 10, 2020.
             Was an Initiate of Vehumet.
             Killed by the air
             ... invoked by Gastronok
              (19 damage)
             ... on level 10 of the Dungeon.
             The game lasted 00:21:08 (12458 turns).

ReteAZ the Polluter (Green Draconian Venom Mage)   Turns: 12458, Time: 00:21:09

Health: -2/69      AC: 11    Str: 11    XL:     10   Next: 39%
Magic:  11/26      EV: 12    Int: 19    God:    Vehumet [......]
Gold:   764        SH:  0    Dex: 11    Spells: 6/19 levels left

rFire    . . .     SeeInvis .   q - +4 quarterstaff (chaos)
rCold    . . .     Faith    .   (shield currently unavailable)
rNeg     . . .     Spirit   .   (armour unavailable)
rPois    +         Reflect  .   n - +0 hat
rElec    .         Harm     .   r - +0 cloak
rCorr    .                      B - +0 pair of gloves
MR       .....                  C - +1 pair of boots
Stlth    ++........             (no amulet)
HPRegen  0.00/turn              v - ring of magical power
MPRegen  0.20/turn              (no ring)

@: slowed, very slow
A: breathe noxious fumes, unfitting armour, poison resistance, inhibited
regeneration, evolution 1, cold-blooded, AC +7
a: Breathe Noxious Fumes, Renounce Religion


You were on level 10 of the Dungeon.
You worshipped Vehumet.
Vehumet was noncommittal.
You visited 2 branches of the dungeon, and saw 11 of its levels.

You collected 764 gold pieces.

Inventory:

Hand Weapons
 c - a +0 dagger
 f - a +0 whip
 o - a +0 vorpal hand axe
 q - a +4 quarterstaff of chaos (weapon)
Missiles
 x - 34 poisoned darts (quivered)
Armour
 n - a +0 hat (worn)
 r - a +0 cloak (worn)
 B - a +0 pair of gloves (worn)
 C - a +1 pair of boots (worn)
Jewellery
 v - a ring of magical power (left hand)
 y - a cursed ring of attention {unknown}
 E - a +4 ring of evasion {unknown}
 I - an uncursed amulet of guardian spirit {unknown}
 K - an uncursed ring of wizardry
 M - an uncursed ring of protection from cold {unknown}
Wands
 t - a wand of iceblast (15)
 G - a wand of disintegration (8)
 J - a wand of polymorph (9)
 N - a wand of flame (20)
Scrolls
 b - 11 scrolls of identify
 d - 4 scrolls of teleportation
 e - 2 scrolls of magic mapping {unknown}
 k - 2 scrolls of enchant weapon
 l - 2 scrolls of fog {unknown}
 m - 5 scrolls of remove curse
 u - 5 scrolls of fear
 w - a scroll of immolation {unknown}
 z - 2 scrolls of random uselessness {unknown}
Potions
 a - 7 potions of might
 g - a potion of stabbing {unknown}
 h - 2 potions of cancellation {unknown}
 i - 8 potions of curing
 j - a potion of ambrosia {unknown}
 p - 2 potions of heal wounds {unknown}
 s - 2 potions of resistance {unknown}
 A - 3 potions of mutation
 D - a potion of flight {unknown}
 F - 3 potions of haste {unknown}
 H - a potion of lignification {unknown}
 L - a potion of magic {unknown}


   Skills:
 - Level 1.7 Dodging
 - Level 1.7 Stealth
 - Level 5.0 Spellcasting
 - Level 2.0 Conjurations
 - Level 3.1 Transmutations
 - Level 3.0 Fire Magic
 - Level 2.0 Air Magic
 + Level 15.5 Poison Magic


You had 6 spell levels left.
You knew the following spells:

 Your Spells              Type           Power        Failure   Level
a - Sting                 Tmut/Pois      ####         1%          1
b - Ignite Poison         Fire/Tmut/Pois ####....     1%          3
c - Mephitic Cloud        Conj/Pois/Air  ####....     2%          3
d - Olgreb's Toxic Radia  Pois           ######..     1%          4
e - Poisonous Vapours     Pois/Air       #####.       1%          2

Your spell library contained the following spells:

 Spells                   Type           Power        Failure   Level
 Animate Skeleton         Necr           #.....       12%         1
 Apportation              Tloc           #.....       12%         1
 Corona                   Hex            #......      12%         1
 Summon Small Mammal      Summ           #...         12%         1


Dungeon Overview and Level Annotations

Branches:
Dungeon (10/15)            Temple (1/1) D:6            Lair (0/6) D:8
    Orc (0/2) D:9

Altars:
Ashenzari
Cheibriados
Dithmenos
Elyvilon
Fedhas
Gozag
Hepliaklqana
Kikubaaqudgha
Makhleb
Nemelex Xobeh
Okawaru
Qazlal
Ru
Sif Muna
Trog
Uskayaw
Vehumet
Wu Jian
Xom
Yredelemnul
Zin
The Shining One

Shops:
D:6 }

Annotations:
D:10 Gastronok


Innate Abilities, Weirdness & Mutations

You can breathe blasts of noxious fumes.
Your lurid green scales are hard. (AC +7)
You cannot fit into any form of body armour.
Your system is resistant to poisons. (rPois)
You are cold-blooded and may be slowed by cold attacks.
You do not regenerate when monsters are visible.
You evolve.


Message History

Confirm with . or Enter, or press ? or * to list all spells.
Your toxic radiance grows in intensity.
The hippogriff looks as sick as possible! x2
You have got your breath back.
The hippogriff bites you but does no damage.
The hippogriff closely misses you. The hippogriff barely misses you.
Gastronok looks even sicker.
You kill the hippogriff!
Vehumet accepts your kill.
Gastronok's eyestalks quiver as he mumbles some strange words.
Gastronok looks as sick as possible!
You kill the rat!
The rat's corpse disappears in a puff of smoke!
Your toxic aura wanes.
Gastronok's eyestalks quiver as he mumbles some strange words.
You feel sluggish.
Found a wand of iceblast (7).
Gastronok waves his eye-stalks in wide circles.
The air twists around and strikes you!!
You die...

#.......#.#. ##
#..........
#.###..........
###.#.w.<.......
#...............
#.##.............
# #..............
#..............
##@............
#.#..........≈≈
....#.........≈≈
#...............≈
##... ...... .#..
./.... ###.#
..... ## ....


You could see Gastronok (very poisoned).

Vanquished Creatures
  A two-headed ogre (D:9)
  A manticore (D:9)
  Joseph (D:7)
  A troll (D:8)
  2 hippogriffs
  2 wargs (D:9)
  An ice beast (D:7)
  2 black bears
  An eye of draining (D:9)
  A sky beast (D:9)
  An orc warrior (D:9)
  2 ogres
  A centaur (D:8)
  3 wolves (D:8)
  A crocodile (D:8)
  4 bullfrogs
  3 scorpions
  A wyvern skeleton (D:5)
  6 killer bees (D:8)
  4 wights (D:8)
  A howler monkey (D:6)
  2 electric eels (D:8)
  A crimson imp (D:5)
  A centaur zombie (D:8)
  3 hounds (D:8)
  2 orc priests (D:9)
  2 jellies
  2 orc wizards
  Crazy Yiuf (D:2)
  3 bullfrog skeletons
  Ijyb (D:3)
  Natasha (thrice) (D:2)
  An iguana (D:7)
  6 worker ants
  A killer bee zombie (D:5)
  4 gnolls
  14 adders
  2 shadow imps
  4 white imps
  2 ufetubi
  6 oozes
  An adder skeleton (D:9)
  8 worms
  3 leopard geckos
  24 orcs
  3 ball pythons
  5 giant cockroaches
  8 goblins
  12 hobgoblins
  7 jackals
  6 quokkas
  7 bats
  5 frilled lizards
  2 jackal zombies
  3 kobolds (D:1)
  A leopard gecko skeleton (D:4)
  A leopard gecko zombie (D:6)
  A quokka skeleton (D:4)
  6 rats
204 creatures vanquished.

Notes
Turn   | Place    | Note
-------+----------+-------------------------------------------
     0 | D:1      | ReteAZ the Draconian Venom Mage began the quest for the
                  | Orb.
     0 | D:1      | Reached XP level 1. HP: 14/14 MP: 3/3
   287 | D:1      | Reached XP level 2. HP: 20/20 MP: 3/5
   911 | D:1      | Reached XP level 3. HP: 21/26 MP: 3/6
  1191 | D:2      | Found an iron altar of Okawaru.
  1607 | D:2      | Reached skill level 4 in Poison Magic
  1797 | D:2      | Reached XP level 4. HP: 33/33 MP: 4/7
  2153 | D:2      | Noticed Natasha
  2164 | D:2      | Killed Natasha
  2515 | D:2      | Found a runed translucent door.
  2516 | D:2      | Noticed Crazy Yiuf
  2542 | D:2      | Killed Crazy Yiuf
  2542 | D:2      | Reached XP level 5. HP: 21/38 MP: 6/9
  2903 | D:3      | Noticed Ijyb
  2925 | D:3      | Killed Ijyb
  2925 | D:3      | Reached skill level 5 in Poison Magic
  3188 | D:3      | Noticed a black bear
  3215 | D:3      | Killed a black bear
  3215 | D:3      | Reached XP level 6. HP: 4/45 MP: 7/11
  3490 | D:3      | Learned a level 3 spell: Ignite Poison
  3494 | D:3      | Learned a level 3 spell: Mephitic Cloud
  4545 | D:2      | Noticed Natasha
  4553 | D:2      | Killed Natasha
  4650 | D:2      | Found an iron altar of Okawaru.
  4813 | D:2      | Noticed Natasha
  4819 | D:2      | Killed Natasha
  5303 | D:4      | Reached skill level 1 in Conjurations
  5416 | D:4      | Reached skill level 1 in Fire Magic
  5501 | D:4      | Reached skill level 1 in Air Magic
  5569 | D:4      | Your scales start taking on a lurid green colour.
  5569 | D:4      | Reached skill level 6 in Poison Magic
  5569 | D:4      | Reached XP level 7. HP: 28/50 MP: 4/12
  5569 | D:4      | Gained mutation: Your system is resistant to poisons.
                  | (rPois) [Green Draconian growth]
  6265 | D:5      | Entered Level 5 of the Dungeon
  6670 | D:5      | Reached skill level 7 in Poison Magic
  7564 | D:6      | Found a shimmering altar of Xom.
  7702 | D:6      | Found a staircase to the Ecumenical Temple.
  7751 | Temple   | Entered the Ecumenical Temple
  7878 | D:6      | Found Neyv's Gadget Boutique.
  7991 | D:6      | Found an ancient bone altar of Kikubaaqudgha.
  8450 | D:6      | Learned a level 4 spell: Olgreb's Toxic Radiance
  8542 | D:7      | Reached XP level 8. HP: 57/57 MP: 11/14
  8635 | D:7      | Reached skill level 8 in Poison Magic
  8710 | D:7      | Reached skill level 5 in Spellcasting
  8718 | D:7      | Found a bloodstained altar of Trog.
  8851 | D:7      | Noticed Joseph
  8862 | D:7      | Killed Joseph
  8862 | D:7      | Reached skill level 9 in Poison Magic
  9245 | D:8      | Reached skill level 10 in Poison Magic
  9247 | D:8      | Noticed a troll
  9445 | D:8      | Reached skill level 11 in Poison Magic
  9445 | D:8      | Reached XP level 9. HP: 49/62 MP: 14/16
  9825 | D:8      | Found a staircase to the Lair.
  9837 | D:8      | Killed a troll
  9837 | D:8      | Reached skill level 12 in Poison Magic
  9843 | D:8      | Learned a level 2 spell: Poisonous Vapours
 10088 | D:8      | Reached skill level 13 in Poison Magic
 11069 | D:9      | Found a radiant altar of Vehumet.
 11194 | D:9      | Became a worshipper of Vehumet
 11265 | D:9      | Noticed a manticore
 11272 | D:9      | Killed a manticore
 11272 | D:9      | Reached skill level 14 in Poison Magic
 11500 | D:9      | Reached XP level 10. HP: 69/69 MP: 14/17
 12064 | D:9      | Noticed a two-headed ogre
 12071 | D:9      | Killed a two-headed ogre
 12071 | D:9      | Reached skill level 15 in Poison Magic
 12326 | D:9      | Found a staircase to the Orcish Mines.
 12426 | D:9      | Noticed a red ugly thing
 12441 | D:10     | Entered Level 10 of the Dungeon
 12443 | D:10     | Noticed Gastronok
 12445 | D:10     | Gained mutation: You do not regenerate when monsters are
                  | visible. [potion of mutation]
 12445 | D:10     | Gained mutation: You evolve. [potion of mutation]
 12458 | D:10     | Killed from afar by Gastronok

Illustrated notes

Levels and vault maps discovered:
D:1:      minmay_arrival_four_houses, layout_basic
D:2:      minmay_alternating_diamond, layout_basic, okawaru_metal_pillars_1_2,
          uniq_natasha, uniq_crazy_yiuf_cottage
D:3:      layout_basic, serial_bayou_crossing, uniq_ijyb
D:4:      minmay_razor_zed, layout_loops_ring
D:5:      layout_basic, serial_corexii_hall, corexii_hall_statues_l,
          chequers_hall_statues_wall_a, minmay_fire_ice_demons
D:6:      layout_basic, minmay_temple_entry_crystal_x, serial_shops,
          shop_fountains, hangedman_feature_mirror
D:7:      layout_basic, minmay_splitting_lines, bloody_trog, uniq_joseph
D:8:      layout_cave_pods, erik_lair_island, nicolae_two_hexagons
D:9:      layout_roguey, vehumet_altar_wand_db, david_orc_1_choice
D:10:     layout_big_octagon, ebering_ghost_reflecting_pool, uniq_gastronok
Temple:   regret_index_temple_chain_breaker

Skill      XL: |  1  2  3  4  5  6  7  8  9 10 |
---------------+-------------------------------+-----
Transmutations | 2 3 |  3.1
Poison Magic   | 4 5 6 7 11 14 15 | 15.5
Spellcasting   | 3 4 5 |  5.0
Conjurations   | 1 2 |  2.0
Fire Magic     | 1 3 |  3.0
Air Magic      | 1 2 |  2.0
Dodging        | |  1.7
Stealth        | |  1.7

Action                   |  1- 3 |  4- 6 |  7- 9 | 10-12 || total
-------------------------+-------+-------+-------+-------++-------
Melee: Unarmed           |     5 |       |       |       ||     5
       Tailslap          |     3 |    10 |    19 |     3 ||    35
       Whip              |    32 |    21 |       |       ||    53
       Dagger            |     3 |       |       |       ||     3
       Quarterstaff      |       |    85 |   181 |    30 ||   296
 Cast: Sting             |    50 |    83 |    31 |       ||   164
       Mephitic Cloud    |       |     1 |     6 |     5 ||    12
       Olgreb's Toxic Ra |       |       |    29 |     4 ||    33
       Ignite Poison     |       |       |    11 |     5 ||    16
 Abil: Breathe Noxious F |       |       |    19 |     7 ||    26
  Use: Scroll            |       |       |     6 |       ||     6
       Potion            |       |       |       |     2 ||     2
 Stab: Sleeping          |       |     3 |     3 |       ||     6
       Confused          |       |     1 |     5 |     1 ||     7
       Distracted        |       |     1 |     1 |       ||     2
       Paralysed         |       |     1 |       |       ||     1
Armor: Skin              |    10 |    57 |   100 |    11 ||   178
Dodge: Dodged            |    39 |    89 |   145 |    28 ||   301

Table legend: (Time is in decaauts)
 A = Elapsed time spent in this place.
 B = Non-inter-level travel time spent in this place.
 C = Inter-level travel time spent in this place.
 D = Time resting spent in this place.
 E = Time spent auto-exploring this place.
 F = Levels seen in this place.
 G = Mean time per level.
                   A        B        C        D        E       F      G
               +--------+--------+--------+--------+--------+-----+--------+
         Total |  12570 |  12156 |    414 |   2013 |   8333 |  11 | 1142.7 |
       Dungeon |  12444 |  12041 |    403 |   2013 |   8220 |  10 | 1244.4 |
        Temple |    125 |    114 |     11 |      0 |    113 |   1 |  125.0 |
               +--------+--------+--------+--------+--------+-----+--------+

Top non-repeatable levels by time:
     D:2: 2388 daAuts
     D:8: 1742 daAuts
     D:9: 1390 daAuts
     D:4: 1385 daAuts
     D:3: 1343 daAuts
     D:5: 1223 daAuts
     D:1: 1191 daAuts
     D:6: 939 daAuts
     D:7: 819 daAuts
  Temple: 125 daAuts
    D:10: 21 daAuts
